 Dungeon Crawl Stone Soup version 0.30.0-20-g3b4254fcbd (webtiles) character file.

Game seed: 1426448899640964122

26413 GimliDwarf the Thaumaturge (level 13, -1/63 HPs)
             Began as a Tengu Air Elementalist on June 2, 2023.
             Was a High Priest of Qazlal.
             Slain by a cane toad (20 damage)
             ... on level 1 of the Lair of Beasts.
             The game lasted 01:33:39 (20487 turns).

GimliDwarf the Thaumaturge (TeAE)                  Turns: 20487, Time: 01:33:39

Health: -1/63      AC: 12    Str:  9    XL:     13   Next: 25%
Magic:  31/31      EV: 14    Int: 22    God:    Qazlal [*****.]
Gold:   82         SH:  6    Dex: 16    Spells: 5/38 levels left

rFire   . . .        B - +1 flail of the Crawling Thing {speed, rElec rN+}
rCold   . . .        (no shield)
rNeg    + . .        t - +2 troll leather armour
rPois   .            q - +1 hat {Int+3}
rElec   +            L - +1 cloak {Stlth+}
rCorr   .            y - +2 pair of gloves
SInv    +            (boots unavailable)
Will    +....        (no amulet)
Stlth   +            l - ring of wizardry
HPRegen 1.10/turn    v - ring of willpower
MPRegen 0.22/turn

%: repel missiles, wizardry (x1)
@: flying quickly and evasively, quick
A: beak, talons 3, nimble flight, see invisible
a: Renounce Religion, Upheaval, Elemental Force, Disaster Area


You were on level 1 of the Lair of Beasts.
You worshipped Qazlal.
Qazlal was extremely pleased with you.
You visited 4 branches of the dungeon, and saw 16 of its levels.

You collected 1018 gold pieces.
You spent 936 gold pieces at shops.

Inventory:

Hand Weapons
 B - the +1 flail of the Crawling Thing (weapon) {speed, rElec rN+}
   (You found it on level 8 of the Dungeon)

   rElec:     It insulates you from electricity.
   rN:        It protects you from negative energy.
 G - a +4 quarterstaff of chaos
Missiles
 j - 34 poisoned darts
 H - 5 curare-tipped darts
Armour
 q - a +1 hat of intelligence (worn)
 t - a +2 troll leather armour (worn)
 y - a +2 pair of gloves (worn)
 J - the +0 robe "Yqui" {Int+3}
   (You bought it in a shop on level 3 of the Dungeon)

   Int:       It affects your intelligence (+3).
 L - a +1 cloak of stealth (worn)
Jewellery
 l - a ring of wizardry (left hand)
 v - a ring of willpower (right hand)
 D - a ring of resist corrosion
 F - a ring of fire
Wands
 g - a wand of charming (5)
 n - a wand of flame (5)
 s - a wand of polymorph (12)
 x - a wand of iceblast (7)
 A - a wand of digging (18)
 E - a wand of acid (11)
Scrolls
 a - a scroll of poison
 d - 2 scrolls of fear
 f - a scroll of torment {unknown}
 h - 4 scrolls of fog
 k - a scroll of amnesia
 o - 7 scrolls of teleportation
 K - 2 scrolls of identify
 M - a scroll of brand weapon
 N - a scroll of enchant weapon {unknown}
Potions
 b - 3 potions of magic
 c - 4 potions of might
 e - 6 potions of ambrosia
 i - 4 potions of curing
 m - 3 potions of resistance
 p - a potion of haste
 r - a potion of brilliance
 u - 2 potions of invisibility
 w - 3 potions of lignification
 z - 2 potions of cancellation
 C - a potion of berserk rage {unknown}
Miscellaneous
 I - a lightning rod (4/4)


   Skills:
 - Level 0.2 Fighting
 + Level 0.9 Short Blades
 - Level 2.8 Armour
 - Level 2.1 Dodging
 - Level 2.0 Stealth
 - Level 0.2 Shields
 + Level 13.3 Spellcasting
 * Level 11.4 Conjurations
 - Level 0.2 Summonings
 * Level 8.0 Fire Magic
 - Level 11.7 Air Magic
 * Level 4.5 Invocations
 * Level 7.0 Evocations


You had 5 spell levels left.
You knew the following spells:

 Your Spells              Type           Power      Damage    Failure   Level
a - Shock                 Conj/Air       100%       1d9       1%          1
b - Static Discharge      Conj/Air       100%       2-7/arc   1%          2
c - Airstrike             Air            30%        2d(5-21)  1%          4
d - Fireball              Conj/Fire      27%        3d12      1%          5
e - Passwall              Tmut/Erth      11%        N/A       3%          2
f - Starburst             Conj/Fire      27%        6d9       7%          6
g - Plasma Beam           Fire/Air       27%        2x1d44    6%          6
h - Orb of Destruction    Conj           30%        9d10      17%         7

Your spell library contained the following spells:

 Spells                   Type           Power      Damage    Failure   Level
 Foxfire                  Conj/Fire      100%       2x1d9     1%          1
 Kiss of Death            Conj/Necr      100%       2d13      1%          1
 Swiftness                Air            61%        N/A       1%          3
 Iskenderun's Battlesphe  Conj           60%        2d11      1%          5
 Ensorcelled Hibernation  Hex/Ice        28%        N/A       3%          2
 Sublimation of Blood     Necr           14%        N/A       3%          2
 Wereblood                Tmut           14%        N/A       3%          2
 Confusing Touch          Hex            14%        N/A       8%          3
 Dispel Undead            Necr           14%        3d10      24%         4
 Conjure Ball Lightning   Conj/Air       30%        3x3d10    3%          6
 Summon Hydra             Summ           7%         N/A       100%        7


Dungeon Overview and Level Annotations

Branches:
Dungeon (12/15)            Temple (1/1) D:5            Lair (2/5) D:11
    Orc (1/2) D:11
  Swamp: Lair:2-3    Shoals: Lair:2-3     Snake: Lair:2-3    Spider: Lair:2-3

Altars:
Ashenzari
Cheibriados
Dithmenos
Elyvilon
Fedhas
Gozag
Hepliaklqana
Kikubaaqudgha
Makhleb
Nemelex Xobeh
Okawaru
Qazlal
Ru
Sif Muna
Trog
Uskayaw
Vehumet
Wu Jian
Xom
Yredelemnul
Zin
The Shining One

Shops:
D:3 ?[!:[   D:7 [   D:8 :

Annotations:
D:8 3 runed translucent doors, Fractals's ghost, novice BaFi
D:12 1 runed translucent door, exclusion: orange crystal statue
Orc:1 Erica


Innate Abilities, Weirdness & Mutations

You have a beak for a mouth.
You have claws for feet.
Your magical nature lets you fly swiftly and evasively.
You have supernaturally acute eyesight. (SInv)


Message History

Magic restored.
There is a stone staircase leading down, spattered with blood here.
You fly downwards.
The cane toad stings you!
You are poisoned.
The cane toad poisons you!
Being near the torpor snail leaves you feeling lethargic.
The cane toad stings you!
You are more poisoned.
The cane toad poisons you!
There is a stone staircase leading up, spattered with blood here.
You feel extremely sick. You block the cane toad's attack. x2
You fly upwards.
You feel yourself speed up.
* * * LOW HITPOINT WARNING * * *
You feel extremely sick.
There is a stone staircase leading down, spattered with blood here.
You feel better. You block the cane toad's attack.
The cane toad attacks as you move away! You block the cane toad's attack.
The cane toad attacks as you move away! The cane toad misses you.
You block the cane toad's attack. The cane toad attacks as you move away!
The cane toad stings you but does no damage.
The cane toad attacks as you move away! The cane toad stings you!
* * * LOW HITPOINT WARNING * * *
You feel better. The cane toad closely misses you.
The cane toad attacks as you move away! The cane toad stings you!
* * * LOW HITPOINT WARNING * * *
The cane toad attacks as you move away! The cane toad stings you.
* * * LOW HITPOINT WARNING * * *
You are poisoned.
The cane toad poisons you!
You feel very sick.
You feel better. The cane toad stings you.
Okay, then.
Press: ? - help, v - describe, . - travel
Here: a cane toad The floor.
The cane toad attacks as you move away! The cane toad stings you!!
You die...

..##### ######....###....#..#
...##.#### ### #...###.....#.##
...#.###.###)#####...#.........#
#..............................##
.#..............................#
#...............................#
.......#.########.§#.........##..
........## #####.○##........##.#.
........####.#.°@#.##.....#####.#
..........###..F.####....## ##.
..†..>.........### ##...## ###..
..........#...## #.#.## ##....
.........##.#.P# ####.####.....
P........####..# ###.#......
##.......# ##.#### ##.......
##.......# ##.#.# ###........
###......# #..## #.#........


You could see a cane toad.

Vanquished Creatures
  Gastronok (Lair:1)
  Harold (D:11)
  A hydra (Lair:1)
  A two-headed ogre (D:12)
  A boulder beetle (D:11)
  Sonja (D:10)
  A skyshark (Lair:1)
  3 deep elf pyromancers
  An oklob plant (D:11)
  2 ugly things
  2 manticores (D:11)
  3 black mambas
  3 gargoyles
  2 unseen horrors
  Psyche (D:8)
  3 cane toads
  2 komodo dragons (Lair:2)
  Grinder (D:3)
  15 blink frogs
  Sigmund (D:3)
  2 centaur simulacra (D:7)
  2 wyverns (D:9)
  A vampire (D:11)
  17 yaks
  12 vampire mosquitoes
  3 wargs (D:11)
  An acid dragon (D:8)
  2 water moccasins
  A black bear (D:6)
  4 orc warriors
  6 ice beasts
  9 ogres
  The ghost of growler the Insei, an amateur MfTm (D:3)
  3 centaurs
  A phantom (D:7)
  2 kobold brigands
  2 gnoll sergeants
  4 scorpions
  5 bullfrogs
  11 wights
  10 killer bees
  4 howler monkeys
  2 centaur zombies (D:7)
  A hound (D:4)
  2 jellies (D:6)
  11 orc priests
  3 sleepcaps
  Crazy Yiuf (D:3)
  Jessica (D:3)
  A gnoll bouda (D:6)
  Terence (D:3)
  5 iguanas
  5 orc wizards
  7 hell rats (Lair:2)
  A boggart simulacrum (D:7)
  A howler monkey zombie (D:7)
  13 gnolls
  10 adders
  2 shadow imps
  An ufetubus (D:4)
  A worm (D:4)
  3 dart slugs
  51 orcs
  3 bats
  9 endoplasms
  2 giant cockroaches
  8 goblins
  5 hobgoblins
  A jackal (D:3)
  A quokka (D:5)
  8 ball pythons
  6 frilled lizards
  17 kobolds
  7 rats
339 creatures vanquished.

Vanquished Creatures (collateral kills)
  Lodul (D:11)
1 creature vanquished.

Vanquished Creatures (others)
  2 ogres (D:11)
2 creatures vanquished.

Grand Total: 342 creatures vanquished

Notes
Turn   | Place    | Note
-------+----------+-------------------------------------------
     0 | D:1      | GimliDwarf the Tengu Air Elementalist began the quest for
                  | the Orb.
     0 | D:1      | Reached XP level 1. HP: 10/10 MP: 4/4
   316 | D:1      | Reached XP level 2. HP: 15/15 MP: 4/6
   319 | D:1      | Learned a level 2 spell: Static Discharge
   938 | D:2      | Reached XP level 3. HP: 19/19 MP: 4/7
  1286 | D:2      | Reached skill level 5 in Air Magic
  1688 | D:2      | Found a faded altar of an unknown god.
  1758 | D:3      | Found Imyuxkenu's Magic Scroll Boutique.
  1777 | D:3      | Bought a scroll of identify for 24 gold pieces
  1784 | D:3      | Gained mutation: Your mind is acute. (Int +4, Str/Dex -1)
                  | [potion of mutation]
  1784 | D:3      | Gained mutation: Your spells are a little easier to cast,
                  | but a little less powerful. [potion of mutation]
  1809 | D:3      | Reached XP level 4. HP: 20/24 MP: 5/8
  1921 | D:3      | Noticed Sigmund
  1992 | D:3      | Found a bloodstained altar of Trog.
  2051 | D:3      | Reached skill level 3 in Spellcasting
  2051 | D:3      | Gained mutation: Your magical nature lets you fly swiftly
                  | and evasively. [Tengu growth]
  2051 | D:3      | Reached XP level 5. HP: 13/28 MP: 2/10
  2412 | D:3      | Found Gosy's Distillery.
  2479 | D:3      | Noticed Grinder
  2493 | D:3      | Learned a level 4 spell: Airstrike
  2505 | D:3      | Paralysed by Grinder for 5 turns
  2620 | D:3      | Killed Sigmund
  2621 | D:3      | Reached skill level 5 in Conjurations
  2621 | D:3      | Reached XP level 6. HP: 32/32 MP: 2/12
  2734 | D:3      | Bought a potion of curing for 36 gold pieces
  2734 | D:3      | Bought a potion of heal wounds for 60 gold pieces
  2769 | D:3      | Found Owisurch's Antique Armour Shop.
  2801 | D:3      | Found a runed translucent door.
  2802 | D:3      | Noticed growler's ghost (amateur MfTm)
  2858 | D:3      | Noticed Jessica
  2859 | D:3      | Noticed Terence
  2886 | D:3      | Found Miff's Book Boutique.
  2913 | D:3      | Found Riucan's Antique Armour Shop.
  2942 | D:3      | Killed Terence
  3006 | D:3      | You are sucked into a shaft and drop 2 floors!
  3006 | D:5      | Entered Level 5 of the Dungeon
  3055 | D:5      | Found a staircase to the Ecumenical Temple.
  3071 | Temple   | Entered the Ecumenical Temple
  3307 | Temple   | Became a worshipper of Qazlal Stormbringer
  3396 | D:5      | Reached skill level 4 in Spellcasting
  3531 | D:5      | Reached XP level 7. HP: 33/36 MP: 5/14
  4081 | D:3      | Killed Jessica
  4127 | D:3      | Killed Grinder
  4128 | D:3      | Reached skill level 5 in Spellcasting
  4128 | D:3      | Reached XP level 8. HP: 41/41 MP: 3/16
  4763 | D:4      | Reached * piety under Qazlal
  5495 | D:5      | Found a sacrificial altar of Ru.
  6020 | D:6      | Reached skill level 6 in Spellcasting
  6120 | D:6      | Reached skill level 1 in Invocations
  6521 | D:6      | Reached XP level 9. HP: 45/45 MP: 14/19
  7098 | D:6      | Lost mutation: Your mind is acute. (Int +4, Str/Dex -1)
                  | [potion of mutation]
  7098 | D:6      | Lost mutation: Your spells are a little easier to cast, but
                  | a little less powerful. [potion of mutation]
  7098 | D:6      | Gained mutation: Your spells are a little harder to cast,
                  | but a little more powerful. [potion of mutation]
  7098 | D:6      | Gained mutation: You are robust. (+10% HP) [potion of
                  | mutation]
  7236 | D:7      | Found a transporter.
  7261 | D:7      | Learned a level 5 spell: Fireball
  7357 | D:7      | Reached skill level 7 in Spellcasting
  7552 | D:7      | Reached skill level 1 in Evocations
  7553 | D:7      | Reached skill level 1 in Fire Magic
  7781 | D:7      | Reached ** piety under Qazlal
  8464 | D:7      | Found a hide-covered altar of Uskayaw.
  8472 | D:7      | Found Ilumeozo's Armour Boutique.
  8581 | D:7      | Found a transporter.
  8748 | D:7      | Reached skill level 10 in Air Magic
  8974 | D:8      | Found Ika Lid's Book Emporium.
  8992 | D:8      | Noticed Psyche
  8997 | D:8      | Killed Psyche
  9161 | D:8      | Reached XP level 10. HP: 55/55 MP: 17/22
  9344 | D:8      | Identified the +1 flail of the Crawling Thing {speed, rElec
                  | rN+}
  9364 | D:8      | Reached skill level 8 in Spellcasting
  9946 | D:8      | Found a runed translucent gate.
  9975 | D:8      | Found a runed translucent gate.
  9975 | D:8      | Found a runed translucent gate.
 10228 | D:8      | Noticed Fractals's ghost (novice BaFi)
 10536 | D:9      | Learned a level 2 spell: Passwall
 10596 | D:9      | Reached *** piety under Qazlal
 10839 | D:9      | Lost mutation: You are robust. (+10% HP) [potion of
                  | mutation]
 10839 | D:9      | Lost mutation: Your spells are a little harder to cast, but
                  | a little more powerful. [potion of mutation]
 10839 | D:9      | Gained mutation: You have supernaturally acute eyesight.
                  | (SInv) [potion of mutation]
 10848 | D:9      | Identified the +2 ring mail "Gicy Oha" {Str+2}
 11155 | D:9      | Reached skill level 1 in Armour
 11906 | D:9      | Learned a level 6 spell: Starburst
 11907 | D:10     | Entered Level 10 of the Dungeon
 12152 | D:10     | Noticed Sonja
 12154 | D:10     | Killed Sonja
 12155 | D:10     | Reached skill level 9 in Spellcasting
 12237 | D:10     | Noticed a deep elf pyromancer
 12248 | D:10     | Killed a deep elf pyromancer
 12450 | D:9      | Reached XP level 11. HP: 54/54 MP: 12/25
 12812 | D:10     | Reached skill level 5 in Fire Magic
 13152 | D:10     | Reached **** piety under Qazlal
 13442 | D:10     | Learned a level 6 spell: Plasma Beam
 13561 | D:11     | Noticed a manticore
 13567 | D:11     | Killed a manticore
 13987 | D:11     | Noticed a manticore
 13995 | D:11     | Killed a manticore
 13996 | D:11     | Reached skill level 10 in Spellcasting
 14051 | D:11     | Noticed Lodul
 14195 | D:11     | Noticed a boulder beetle
 14333 | D:11     | Found a staircase to the Lair.
 14345 | D:11     | Noticed an oklob plant
 14385 | D:11     | Killed a boulder beetle
 14724 | D:11     | Noticed a red ugly thing
 14748 | D:11     | Killed a red ugly thing
 14749 | D:11     | Reached skill level 5 in Evocations
 14870 | D:11     | Killed Lodul
 15081 | D:11     | Found a staircase to the Orcish Mines.
 15432 | D:11     | Killed an oklob plant
 15433 | D:11     | Reached skill level 11 in Spellcasting
 15559 | D:12     | Reached XP level 12. HP: 59/59 MP: 14/28
 15739 | D:12     | Found a runed translucent door.
 15784 | D:12     | Reached skill level 10 in Conjurations
 16126 | D:12     | Noticed a two-headed ogre
 16131 | D:12     | Killed a two-headed ogre
 16243 | D:12     | Reached ***** piety under Qazlal
 17080 | D:3      | Found a runed translucent door.
 17081 | D:3      | Noticed Crazy Yiuf
 17087 | D:3      | Killed Crazy Yiuf
 17161 | D:3      | Killed growler's ghost
 17428 | D:7      | Reached skill level 12 in Spellcasting
 17566 | D:3      | Bought a potion of attraction for 36 gold pieces
 17583 | D:3      | Learned a level 7 spell: Orb of Destruction
 17602 | D:3      | Bought a sheer robe for 108 gold pieces
 17602 | D:3      | Identified the +0 robe "Yqui" {Int+3} (You bought it in a
                  | shop on level 3 of the Dungeon)
 17635 | D:3      | Bought a scroll of amnesia for 48 gold pieces
 17635 | D:3      | Bought a scroll of acquirement for 624 gold pieces
 17635 | D:3      | Acquired a +1 hat of intelligence
 17804 | Orc:1    | Entered Level 1 of the Orcish Mines
 17805 | Orc:1    | Noticed Harold
 17850 | Orc:1    | Noticed a two-headed ogre
 17850 | Orc:1    | Noticed Erica
 17858 | D:11     | Killed Harold
 17949 | Lair:1   | Entered Level 1 of the Lair of Beasts
 18370 | Lair:1   | Noticed Gastronok
 18468 | Lair:1   | Killed Gastronok
 19574 | Lair:2   | Reached XP level 13. HP: 63/63 MP: 30/30
 19612 | Lair:2   | Reached skill level 13 in Spellcasting
 20487 | Lair:1   | Slain by a cane toad

Illustrated notes

Levels and vault maps discovered:
D:1:      wander_arrival_chamber, layout_rooms,
          nicolae_concentric_dashed_squares_wild
D:2:      layout_loops_ring, hellmonk_ecumenical_altar_arch_garden
D:3:      layout_basic, bloody_trog, ebering_ghost_reflecting_pool,
          serial_shops, shop, nicolae_book_shop_shelving,
          nicolae_shop_peninsula, shop, shop, st_stairs_5, uniq_sigmund,
          uniq_grinder, uniq_terence, uniq_crazy_yiuf_cottage, uniq_jessica
D:4:      layout_basic, kennysheep_flooded_box, minmay_circle_x
D:5:      layout_cave_pools, mainiacjoe_overflow_catwalk,
          minmay_temple_entry_offerings, grunt_decor_clamped
D:6:      layout_rooms, chequers_avenue, dk_vineyard_3
D:7:      gammafunk_cloud_chamber, layout_basic, mainiacjoe_overflow_paths,
          serial_shops, shop, serial_undead, serial_undead_e, serial_undead_b,
          serial_undead_f, serial_undead_f
D:8:      layout_cave_pools, serial_shops, shop_fountains,
          ebering_ghost_rock_garden, uniq_psyche
D:9:      layout_loops_cross, special_room [special_room_orc], serial_aquarium,
          aquarium_bridge_square [aquarium_subvault_wall,
          aquarium_subvault_bridge, aquarium_subvault_bridge,
          aquarium_subvault_wall], aquarium_bridge_island_large
          [aquarium_subvault_large_open, aquarium_subvault_bridge,
          aquarium_subvault_bridge, aquarium_subvault_bridge,
          aquarium_subvault_wall], aquarium_window_fake,
          aquarium_window_corridor_1, aquarium_window_fake, aquarium_view_2e,
          aquarium_view_2e, aquarium_balcony_1a, aquarium_pool_S,
          grunt_decor_mini_mirrors
D:10:     layout_roguey, uniq_sonja
D:11:     layout_stronghold, dpeg_oklobed_lair, erik_orc_4, uniq_lodul
D:12:     layout_long_grid, minmay_crystal_box
Temple:   compressed_dpeg_triangle_lava_temple
Lair:1:   layout_cave_pods, infiniplex_staircase_pool_2, uniq_gastronok
Lair:2:   layout_layer_cave, kennysheep_abandoned_house, grunt_megastairs_4,
          serial_bayou_shore_b
Orc:1:    layout_diamond_mine, serial_shops, nicolae_shop_trees, uniq_erica,
          uniq_harold

Skill      XL: |  1  2  3  4  5  6  7  8  9 10 11 12 13 |
---------------+----------------------------------------+-----
Conjurations   | 2 4 5 6 7 8 9 10 11 | 11.4
Air Magic      | 5 6 7 8 10 11 | 11.7
Spellcasting   | 3 4 5 6 7 9 11 12 13 | 13.3
Invocations    | 1 2 4 |  4.5
Evocations     | 2 3 5 6 7 |  7.0
Fire Magic     | 2 4 6 7 8 |  8.0
Armour         | 2 |  2.8
Fighting       | |  0.2
Short Blades   | |  0.9
Dodging        | |  2.1
Stealth        | |  2.0
Shields        | |  0.2
Summonings     | |  0.2

Action                     |  1- 3 |  4- 6 |  7- 9 | 10-12 | 13-15 || total
---------------------------+-------+-------+-------+-------+-------++-------
  Melee: Short sword       |       |     6 |     1 |       |       ||     7
         Peck              |       |     1 |       |     8 |     2 ||    11
         Flail             |       |       |       |    48 |    21 ||    69
         Kick              |       |       |       |    14 |     8 ||    22
         Punch             |       |       |       |     2 |       ||     2
   Cast: Shock             |    73 |    64 |   129 |   181 |    10 ||   457
         Airstrike         |       |    11 |    75 |   196 |    30 ||   312
         Fireball          |       |       |       |    10 |       ||    10
         Static Discharge  |       |       |       |     7 |     2 ||     9
         Plasma Beam       |       |       |       |       |     1 ||     1
  Evoke: Wand              |       |       |       |    10 |       ||    10
    Use: Scroll            |     5 |       |    13 |     9 |     2 ||    29
         Potion            |     1 |       |     1 |     4 |     4 ||    10
 Armour: Robe              |     7 |     1 |    14 |     1 |       ||    23
         Troll leather arm |       |       |       |    34 |    17 ||    51
  Dodge: Dodged            |     7 |    11 |    28 |    75 |    46 ||   167
         Repelled          |       |       |       |     2 |       ||     2
  Block: Other             |       |       |       |    42 |    25 ||    67
